 Dungeon Crawl Stone Soup version 0.31-a0-705-ga145531891 (webtiles) character file.

Game seed: 14000488021431346980

170 qw the Shooter (level 5, 0/32 HPs)
             Began as a Gargoyle Hunter on Sept 9, 2023.
             Slain by an orc
             ... wielding a +0 flail
              (7 damage)
             ... on level 4 of the Dungeon.
             The game lasted 00:00:47 (2226 turns).

qw the Shooter (Gargoyle Hunter)                    Turns: 2226, Time: 00:00:47

Health: 0/32       AC:  9    Str: 15    XL:     5   Next: 51%
Magic:  5/5        EV: 11    Int:  9    God:
Gold:   111        SH:  0    Dex: 15    Spells: 4/4 levels left

rFire   . . .        Y - +0 shortbow
rCold   + . .        (shield currently unavailable)
rNeg    + . .        h - +0 ring mail
rPois   inf          (no helmet)
rElec   +            (no cloak)
rCorr   .            (no gloves)
SInv    .            (no boots)
Will    .....        (no amulet)
Stlth   +            c - ring of protection from cold
HPRegen 0.25/turn    (no ring)
MPRegen 0.09/turn

%: no passive effects
@: no status effects
A: sickness immunity, AC +4, negative energy resistance 1, electricity
resistance, torment resistance 1, petrification resistance
a: no special abilities


You were on level 4 of the Dungeon.
You visited 1 branch of the dungeon, and saw 4 of its levels.

You collected 171 gold pieces.
You spent 60 gold pieces at shops.


Innate Abilities, Weirdness & Mutations

You are immune to sickness and miasma.
Your stone body is resilient. (AC +4)
You are immune to poison.
You resist negative energy. (rN+)
You are resistant to electric shocks. (rElec)
You are resistant to unholy torment.
You are immune to petrification.


   Skills:
 + Level 3.2 Fighting
 - Level 6.0 Ranged Weapons
 - Level 1.0 Armour
 - Level 1.5 Dodging
 - Level 1.1 Stealth


You had 4 spell levels left.
You didn't know any spells.
Your spell library was empty.

Inventory:

Hand Weapons
 Y - a +0 shortbow (weapon)
Armour
 h - a +0 ring mail (worn)
Jewellery
 c - a ring of protection from cold (left hand)
Scrolls
 a - a scroll of identify
 d - a scroll of teleportation {unknown}
Potions
 b - a potion of might
 e - 6 potions of curing
 g - a potion of attraction {unknown}
 j - a potion of lignification {unknown}

Dungeon Overview and Level Annotations

Branches:
Dungeon (4/15)
 Temple: D:4-7

Altars:
Makhleb

Shops:
D:1 =   D:2 [!   D:3 (


Message History

You shoot an arrow.
The arrow barely misses the ball python.
The orc shouts!
The ball python bites you but does no damage.
The ball python constricts you. The adder bites you but does no damage.
The orc closely misses you.
The ball python bites you but does no damage.
The ball python constricts you.
You shoot an arrow. The arrow hits the ball python!
You kill the ball python!
The adder completely misses you. The orc hits you but does no damage.
The adder bites you but does no damage.
You shoot an arrow. The arrow hits the orc priest.
You kill the orc priest!
The orc hits you with a +0 flail. The adder barely misses you.
Your Ranged Weapons skill increases to level 6!
You shoot an arrow. The arrow hits the adder.
The adder is almost dead.
The adder bites you. The orc misses you.
The adder bites you but does no damage.
An orc comes into view. It is wielding a +0 short sword.
You shoot an arrow. The orc shouts!
The arrow hits the adder!
You kill the adder!
You shoot an arrow.
The arrow hits the orc but does no damage.
The orc barely misses you. The orc closely misses you.
You shoot an arrow.
The arrow hits the orc but does no damage.
The orc hits you with a +0 flail.
The orc hits you with a +0 quarterstaff.
You shoot an arrow. The arrow hits the orc!
You kill the orc!
The orc closely misses you.
You shoot an arrow. The arrow closely misses the orc.
The orc barely misses you. x2
You shoot an arrow. The arrow hits the orc.
The orc is severely wounded.
The orc closely misses you. The orc hits you with a +0 flail!
You die...

##.....##.........
#....#...........<.
####..............
##..............
#...............
#...............
#...............
####.....o......
###..@o).....
###.)...>..
####.>... ####


You could see 2 orcs.

Vanquished Creatures
  A hound (D:4)
  An orc priest (D:4)
  A jelly (D:4)
  3 adders
  2 worms
  2 orcs (D:4)
  4 ball pythons
  2 endoplasms
  3 giant cockroaches
  5 goblins
  3 hobgoblins
  5 jackals
  A quokka (D:3)
  4 bats
  4 frilled lizards
  6 kobolds
  4 rats
51 creatures vanquished.

Notes
Turn   | Place    | Note
-------+----------+-------------------------------------------
     0 | D:1      | qw the Gargoyle Hunter began the quest for the Orb.
     0 | D:1      | Reached XP level 1. HP: 12/12 MP: 1/1
     0 | D:1      | 0 ||| qw: Version: 0.3-a-80-g2c16395
     0 | D:1      | 0 ||| qw: Game counter: 1309
     0 | D:1      | 0 ||| qw: Melee chars always use a shield: true
     0 | D:1      | 0 ||| qw: God list: Okawaru
     0 | D:1      | 0 ||| qw: Allow faded altars: false
     0 | D:1      | 0 ||| qw: Do Orc after clearing Dungeon:15 true
     0 | D:1      | 0 ||| qw: Do second Lair branch before Depths: true
     0 | D:1      | 0 ||| qw: Lair rune preference: random
     0 | D:1      | 0 ||| qw: Goals: Normal
     0 | D:1      | 0 ||| PLANNING D:1-11
    85 | D:1      | Found Domall's Jewellery Boutique.
    90 | D:1      | 90 ||| SHOPLISTING +4 ring of protection (432 gold, have
                  | 17).
    90 | D:1      | 90 ||| SHOPLISTING +6 ring of dexterity (432 gold, have
                  | 17).
    90 | D:1      | 90 ||| SHOPLISTING amulet of reflection (360 gold, have
                  | 17).
    90 | D:1      | 90 ||| SHOPLISTING ring of fire (300 gold, have 17).
    90 | D:1      | 90 ||| SHOPLISTING ring of willpower (300 gold, have 17).
   125 | D:1      | Reached XP level 2. HP: 17/17 MP: 2/2
   327 | D:1      | 327 ||| DROPPING scarf of harm.
   328 | D:1      | 328 ||| UPGRADING to +0 ring mail.
   338 | D:1      | 338 ||| DROPPING +0 leather armour.
   339 | D:1      | 339 ||| READING scroll labelled VOPTEMI LUEHE.
   340 | D:1      | 340 ||| READING scroll labelled NUGEMO FEERITIRITO.
   341 | D:1      | 341 ||| READING scroll labelled VIESSEENAS.
   342 | D:1      | 342 ||| READING scroll labelled JIEWOZE ADIUPI.
   343 | D:1      | 343 ||| DRINKING 2 glowing white potions.
   344 | D:1      | 344 ||| DROPPING scroll of butterflies.
   361 | D:2      | 361 ||| STAIRDANCE
   397 | D:2      | 397 ||| STAIRDANCE
   438 | D:2      | Found Qurhaa's Antique Armour Boutique.
   616 | D:2      | Found Sujolehe's Distillery.
   623 | D:2      | 623 ||| SHOPLISTING 2 potions of enlightenment (100 gold,
                  | have 71).
   623 | D:2      | 623 ||| SHOPLISTING 2 potions of haste (200 gold, have 71).
   623 | D:2      | 623 ||| BUYING potion of curing (30 gold).
   623 | D:2      | Bought a potion of curing for 30 gold pieces
   623 | D:2      | 623 ||| BUYING potion of curing (30 gold).
   623 | D:2      | Bought a potion of curing for 30 gold pieces
   623 | D:2      | 623 ||| SHOPLISTING potion of haste (100 gold, have 11).
   623 | D:2      | 623 ||| SHOPLISTING potion of heal wounds (50 gold, have
                  | 11).
   623 | D:2      | 623 ||| SHOPLISTING potion of mutation (80 gold, have 11).
   708 | D:2      | Reached skill level 1 in Armour
   895 | D:2      | Reached XP level 3. HP: 21/21 MP: 3/3
  1069 | D:2      | Reached skill level 5 in Ranged Weapons
  1446 | D:3      | Found a faded altar of an unknown god.
  1556 | D:3      | Found Ixaofyan's Weapon Boutique.
  1661 | D:3      | Reached XP level 4. HP: 27/27 MP: 4/4
  1696 | D:3      | Reached skill level 3 in Fighting
  2051 | D:3      | 2051 ||| UPGRADING to ring of protection from cold.
  2052 | D:3      | 2052 ||| DROPPING ring of wizardry.
  2053 | D:3      | 2053 ||| READING 3 scrolls labelled YNUHEXA POIRA.
  2054 | D:3      | 2054 ||| READING 2 scrolls of identify.
  2054 | D:3      | 2054 ||| IDENTIFYING cyan potion
  2055 | D:3      | 2055 ||| DROPPING 2 scrolls of immolation.
  2133 | D:4      | Found a burning altar of Makhleb.
  2140 | D:4      | Reached XP level 5. HP: 29/32 MP: 5/5
  2220 | D:4      | Reached skill level 6 in Ranged Weapons
  2223 | D:4      | HP: 6/32 [orc/+0 quarterstaff (6)]
  2226 | D:4      | Slain by an orc

Levels and vault maps discovered:
D:1:      nzn_arrival_crosshair, layout_basic, serial_shops,
          nicolae_shop_rolling_square
D:2:      layout_basic, serial_shops, nicolae_shop_statue_plus,
          nicolae_shop_tiny_glass
D:3:      layout_basic, basic_ecumenical_altar, serial_shops,
          nicolae_shop_bloodbath_and_beyond
D:4:      layout_cave_pods, makhleb_heckhound_becter, serial_shops,
          kennysheep_mini, hangedman_abyss_or_decor_stagger

Skill      XL: |  1  2  3  4  5 |
---------------+----------------+-----
Armour         | 1 |  1.0
Ranged Weapons | 5 6 |  6.0
Fighting       | 3 |  3.2
Dodging        | |  1.5
Stealth        | |  1.1

Action                     |  1- 3 |  4- 6 || total
---------------------------+-------+-------++-------
   Fire: Shortbow          |   115 |    55 ||   170
    Use: Scroll            |     4 |     2 ||     6
         Potion            |     1 |       ||     1
 Armour: Ring mail         |    50 |    31 ||    81
  Dodge: Dodged            |    35 |    27 ||    62

Table legend:
 A = Non-vault XP
 B = Vault XP
 C = Vault XP percentage of total XP
 D = Non-vault monster count
 E = Vault monster count
 F = Vault count percentage of total count
                 A         B        C        D         E       F
            +---------+---------+-------+---------+---------+-------
      Total |     202 |      42 |  17.2 |      50 |       1 |   2.0
            +---------+---------+-------+---------+---------+-------
        D:1 |      18 |       0 |   0.0 |      12 |       0 |   0.0
        D:2 |      42 |       0 |   0.0 |      17 |       0 |   0.0
        D:3 |      30 |       0 |   0.0 |      12 |       0 |   0.0
        D:4 |     112 |      42 |  27.3 |       9 |       1 |  10.0
            +---------+---------+-------+---------+---------+-------
